| TOP OF THE 1ST |
|
Detroit (APP) Tigers batting - Pitching for Burlington Royals : LHP Brett Reed
|
|
Pitching: LHP Brett Reed
|
|
|
Batting: LHB Timotheus Young
|
0-0: Foul Ball, location: 2F 0-1: Called Strike 0-2: Ball 1-2: Strikes out swinging
|
|
Batting: RHB Norm Wood
|
0-0: Ball 1-0: Called Strike 1-1: SINGLE (Line Drive, 8LS, EV 98.1 MPH)
|
|
Batting: SHB Jean-Luc Legros
|
0-0: Foul Ball, location: 2F 0-1: Swinging Strike 0-2: Strikes out swinging Norm Wood steals 2nd, throwing error, E2 Norm Wood to third
|
|
Batting: RHB German Quiroga
|
0-0: Called Strike 0-1: Ball 1-1: Ground out 6-3 (Groundball, P, EV 81.9 MPH)
|
| Top of the 1st over - 0 runs, 1 hit, 1 error, 1 left on base; Detroit (APP) 0 - Burlington 0 |
| BOTTOM OF THE 1ST |
|
Burlington Royals batting - Pitching for Detroit (APP) Tigers : RHP Kyle Moore
|
|
Pitching: RHP Kyle Moore
|
|
|
Batting: LHB Bobby Gonzalez
|
0-0: Ball 1-0: Ball 2-0: Called Strike 2-1: Foul Ball, location: 2F 2-2: Strikes out looking
|
|
Batting: SHB Bill Ertl
|
0-0: Fly out, F8 (Flyball, 8RD, EV 107.5 MPH)
|
|
Batting: RHB Nick Julien
|
0-0: Ball 1-0: Foul Ball, location: 2F 1-1: Ball 2-1: Foul Ball, location: 2F 2-2: Ground out 6-3 (Groundball, 6S, EV 68.1 MPH)
|
| Bottom of the 1st over - 0 runs, 0 hits, 0 errors, 0 left on base; Detroit (APP) 0 - Burlington 0 |
| TOP OF THE 2ND |
|
Detroit (APP) Tigers batting - Pitching for Burlington Royals : LHP Brett Reed
|
|
Batting: RHB Nate Dabney
|
0-0: Ball 1-0: Called Strike 1-1: Ball 2-1: Ball 3-1: Base on Balls
|
|
Batting: LHB Afanasy Zasekin
|
0-0: Ball 1-0: Called Strike 1-1: Ball 2-1: Foul Ball, location: 2F 2-2: Strikes out swinging
|
|
Batting: RHB Juan Acero
|
0-0: Called Strike 0-1: Ball 1-1: Ball Nate Dabney is caught stealing 2nd base 2-4 2-1: Called Strike 2-2: Ball 3-2: Strikes out swinging
|
| Top of the 2nd over - 0 runs, 0 hits, 0 errors, 0 left on base; Detroit (APP) 0 - Burlington 0 |
| BOTTOM OF THE 2ND |
|
Burlington Royals batting - Pitching for Detroit (APP) Tigers : RHP Kyle Moore
|
|
Batting: RHB Phil Hamby
|
0-0: Ball 1-0: Hit by Pitch
|
|
Batting: LHB Pablo Serrato
|
0-0: Ball 1-0: Foul Ball, location: 2F 1-1: Swinging Strike 1-2: Foul Ball, location: 2F 1-2: Hit by Pitch Phil Hamby to second
|
|
Batting: RHB Carlos Almada
|
0-0: Called Strike 0-1: Foul Ball, location: 2F 0-2: Ball 1-2: Ball 2-2: TRIPLE (Flyball, 78XD, EV 108.8 MPH) Phil Hamby scores Pablo Serrato scores
|
|
Batting: SHB Danny Ballenger
|
0-0: Foul Ball, location: 2F 0-1: Swinging Strike 0-2: Ball 1-2: Foul Ball, location: 2F 1-2: Ball 2-2: Foul Ball, location: 2F 2-2: Strikes out swinging
|
|
Batting: RHB Bobby Matyas
|
0-0: Ball 1-0: Foul Ball, location: 2F 1-1: Foul Ball, location: 2F 1-2: Strikes out swinging
|
|
Batting: LHB Edgar Ortiz
|
0-0: Ground out 6-3 (Groundball, 6, EV 90.6 MPH)
|
| Bottom of the 2nd over - 2 runs, 1 hit, 0 errors, 1 left on base; Detroit (APP) 0 - Burlington 2 |
| TOP OF THE 3RD |
|
Detroit (APP) Tigers batting - Pitching for Burlington Royals : LHP Brett Reed
|
|
Pitching: RHP Neil Drain
|
|
|
Batting: RHB Yasutaka Yamasaki
|
0-0: Foul Ball, location: 2F 0-1: Called Strike 0-2: Ball 1-2: Strikes out looking
|
|
Batting: RHB Carlos Avila
|
0-0: Fly out, F8 (Flyball, 8LD, EV 88.8 MPH)
|
|
Batting: LHB Timotheus Young
|
0-0: Called Strike 0-1: Ball 1-1: Swinging Strike 1-2: Strikes out swinging
|
| Top of the 3rd over - 0 runs, 0 hits, 0 errors, 0 left on base; Detroit (APP) 0 - Burlington 2 |
| BOTTOM OF THE 3RD |
|
Burlington Royals batting - Pitching for Detroit (APP) Tigers : RHP Kyle Moore
|
|
Batting: LHB Bobby Gonzalez
|
0-0: Called Strike 0-1: Foul Ball, location: 2F 0-2: Ball 1-2: Ground out U3 (Groundball, 3L, EV 81.9 MPH)
|
|
Batting: SHB Bill Ertl
|
0-0: Foul Ball, location: 2F 0-1: SINGLE (Line Drive, 6MD, EV 98.8 MPH)
|
|
Batting: RHB Nick Julien
|
0-0: Called Strike 0-1: Foul Ball, location: 2F 0-2: Foul Ball, location: 2F 0-2: Foul Ball, location: 2F 0-2: Foul Ball, location: 2F 0-2: Ball 1-2: Strikes out swinging
|
|
Batting: RHB Phil Hamby
|
0-0: TRIPLE (Flyball, 89XD, EV 102.5 MPH) Bill Ertl scores
|
|
Batting: LHB Pablo Serrato
|
0-0: Ball 1-0: Swinging Strike 1-1: Ground out 5-3 (Groundball, 56, EV 95.0 MPH)
|
| Bottom of the 3rd over - 1 run, 2 hits, 0 errors, 1 left on base; Detroit (APP) 0 - Burlington 3 |
| TOP OF THE 4TH |
|
Detroit (APP) Tigers batting - Pitching for Burlington Royals : RHP Neil Drain
|
|
Batting: RHB Norm Wood
|
0-0: Ball 1-0: Called Strike 1-1: Called Strike 1-2: Ball 2-2: Ball 3-2: Foul Ball, location: 2F 3-2: Foul Ball, location: 2F 3-2: Strikes out swinging
|
|
Batting: SHB Jean-Luc Legros
|
0-0: Foul Ball, location: 2F 0-1: Called Strike 0-2: Strikes out swinging
|
|
Batting: RHB German Quiroga
|
0-0: Called Strike 0-1: Foul Ball, location: 2F 0-2: Foul Ball, location: 2F 0-2: Ball 1-2: Fly out, F9 (Flyball, 9LS, EV 95.6 MPH)
|
| Top of the 4th over - 0 runs, 0 hits, 0 errors, 0 left on base; Detroit (APP) 0 - Burlington 3 |
| BOTTOM OF THE 4TH |
|
Burlington Royals batting - Pitching for Detroit (APP) Tigers : RHP Kyle Moore
|
|
Batting: RHB Carlos Almada
|
0-0: SINGLE (Groundball, 25, EV 73.8 MPH) (infield hit)
|
|
Batting: SHB Danny Ballenger
|
0-0: Ball 1-0: Foul Ball, location: 2F 1-1: Ball 2-1: Called Strike 2-2: Foul Ball, location: 2F 2-2: Strikes out swinging
|
|
Batting: RHB Bobby Matyas
|
0-0: Called Strike 0-1: Ball 1-1: Foul Ball, location: 2F 1-2: Foul Ball, location: 2F 1-2: Strikes out swinging
|
|
Batting: LHB Edgar Ortiz
|
0-0: Called Strike Carlos Almada steals 2nd base 0-1: Foul Ball, location: 2F 0-2: DOUBLE (Flyball, 89XD, EV 114.4 MPH) Carlos Almada scores
|
|
Batting: LHB Bobby Gonzalez
|
0-0: Ball 1-0: Ball 2-0: Foul Ball, location: 2F 2-1: Swinging Strike 2-2: Ground out 4-3 (Groundball, 34, EV 89.4 MPH)
|
| Bottom of the 4th over - 1 run, 2 hits, 0 errors, 1 left on base; Detroit (APP) 0 - Burlington 4 |
| TOP OF THE 5TH |
|
Detroit (APP) Tigers batting - Pitching for Burlington Royals : RHP Neil Drain
|
|
Batting: RHB Nate Dabney
|
0-0: Foul Ball, location: 2F 0-1: Ball 1-1: Fly out, F7 (Flyball, 78D, EV 86.9 MPH)
|
|
Batting: LHB Afanasy Zasekin
|
0-0: Swinging Strike 0-1: Swinging Strike 0-2: Strikes out swinging
|
|
Batting: RHB Juan Acero
|
0-0: Ball 1-0: Ball 2-0: Called Strike 2-1: Ground out 6-3 (Groundball, 6, EV 80.6 MPH)
|
| Top of the 5th over - 0 runs, 0 hits, 0 errors, 0 left on base; Detroit (APP) 0 - Burlington 4 |
| BOTTOM OF THE 5TH |
|
Burlington Royals batting - Pitching for Detroit (APP) Tigers : RHP Kyle Moore
|
|
Batting: SHB Bill Ertl
|
0-0: Called Strike 0-1: Ball 1-1: Foul Ball, location: 2F 1-2: Foul Ball, location: 2F 1-2: Foul Ball, location: 2F 1-2: Ball 2-2: Ball 3-2: Strikes out swinging
|
|
Pitching: RHP Chris Wilkerson
|
|
|
Batting: RHB Nick Julien
|
0-0: Swinging Strike 0-1: Ball 1-1: Ball 2-1: Foul Ball, location: 2F 2-2: Ball 3-2: Foul Ball, location: 2F 3-2: SINGLE (Flyball, 6D, EV 91.2 MPH)
|
|
Batting: RHB Phil Hamby
|
0-0: Ball 1-0: Fly out, F9 (Flyball, 89M, EV 95.6 MPH)
|
|
Batting: LHB Pablo Serrato
|
0-0: Ball 1-0: Ball 2-0: Swinging Strike 2-1: Called Strike 2-2: Foul Ball, location: 2F 2-2: Strikes out looking
|
| Bottom of the 5th over - 0 runs, 1 hit, 0 errors, 1 left on base; Detroit (APP) 0 - Burlington 4 |
| TOP OF THE 6TH |
|
Detroit (APP) Tigers batting - Pitching for Burlington Royals : RHP Neil Drain
|
|
Pitching: LHP Ken Milhouse
|
|
|
Batting: RHB Yasutaka Yamasaki
|
0-0: Called Strike 0-1: Called Strike 0-2: Foul Ball, location: 2F 0-2: Foul Ball, location: 2F 0-2: Ground out 4-3 (Groundball, 4, EV 86.2 MPH)
|
|
Batting: RHB Carlos Avila
|
0-0: Ball 1-0: Foul Ball, location: 2F 1-1: Foul Ball, location: 2F 1-2: Strikes out looking
|
|
Batting: LHB Timotheus Young
|
0-0: Ball 1-0: Ball 2-0: Ball 3-0: Base on Balls
|
|
Batting: RHB Norm Wood
|
0-0: Called Strike 0-1: Foul Ball, location: 2F 0-2: Fly out, F8 (Flyball, 8RM, EV 74.4 MPH)
|
| Top of the 6th over - 0 runs, 0 hits, 0 errors, 1 left on base; Detroit (APP) 0 - Burlington 4 |
| BOTTOM OF THE 6TH |
|
Burlington Royals batting - Pitching for Detroit (APP) Tigers : RHP Chris Wilkerson
|
|
Batting: RHB Carlos Almada
|
0-0: Called Strike 0-1: Ground out U3 (Groundball, 34, EV 90.0 MPH)
|
|
Batting: SHB Danny Ballenger
|
0-0: Called Strike 0-1: Ball 1-1: Swinging Strike 1-2: Foul Ball, location: 2F 1-2: Strikes out swinging
|
|
Batting: RHB Bobby Matyas
|
0-0: Foul Ball, location: 2F 0-1: Swinging Strike 0-2: Ball 1-2: Foul Ball, location: 2F 1-2: Ground out 4-3 (Groundball, 4, EV 88.1 MPH)
|
| Bottom of the 6th over - 0 runs, 0 hits, 0 errors, 0 left on base; Detroit (APP) 0 - Burlington 4 |
| TOP OF THE 7TH |
|
Detroit (APP) Tigers batting - Pitching for Burlington Royals : LHP Ken Milhouse
|
|
Batting: SHB Jean-Luc Legros
|
0-0: Called Strike 0-1: Foul Ball, location: 2F 0-2: Fly out, F9 (Flyball, 9LS, EV 81.9 MPH)
|
|
Batting: RHB German Quiroga
|
0-0: Ball 1-0: Called Strike 1-1: Fly out, F9 (Line Drive, 9, EV 95.6 MPH)
|
|
Batting: RHB Nate Dabney
|
0-0: Foul Ball, location: 2F 0-1: Called Strike 0-2: Ball 1-2: Ground out 4-3 (Groundball, 4, EV 87.5 MPH)
|
| Top of the 7th over - 0 runs, 0 hits, 0 errors, 0 left on base; Detroit (APP) 0 - Burlington 4 |
| BOTTOM OF THE 7TH |
|
Burlington Royals batting - Pitching for Detroit (APP) Tigers : RHP Chris Wilkerson
|
|
Batting: LHB Edgar Ortiz
|
0-0: Ball 1-0: Called Strike 1-1: Ball 2-1: Ball 3-1: Base on Balls
|
|
Batting: LHB Bobby Gonzalez
|
0-0: Bunt missed! 0-1: Bunt missed! 0-2: Ball 1-2: Ball 2-2: Foul Ball, location: 2F 2-2: Ball 3-2: Base on Balls Edgar Ortiz to second
|
|
Batting: SHB Bill Ertl
|
0-0: Ball 1-0: Foul Ball, location: 2F 1-1: Foul Ball, location: 2F 1-2: Grounds into double play, 4-6-3 (Groundball, 4, EV 88.8 MPH) Edgar Ortiz to third
|
|
Batting: RHB Nick Julien
|
0-0: Foul Ball, location: 2F 0-1: Ball 1-1: Ball 2-1: Ball 3-1: Base on Balls
|
|
Batting: RHB Phil Hamby
|
0-0: Swinging Strike 0-1: Foul Ball, location: 2F 0-2: Strikes out swinging
|
| Bottom of the 7th over - 0 runs, 0 hits, 0 errors, 2 left on base; Detroit (APP) 0 - Burlington 4 |
| TOP OF THE 8TH |
|
Detroit (APP) Tigers batting - Pitching for Burlington Royals : LHP Ken Milhouse
|
|
Pitching: RHP Greg Sell
|
|
|
Batting: LHB Afanasy Zasekin
|
0-0: Called Strike 0-1: Ball 1-1: Called Strike 1-2: Ball 2-2: Strikes out swinging
|
|
Batting: RHB Juan Acero
|
0-0: Ball 1-0: Ball 2-0: Ball 3-0: Base on Balls
|
|
Batting: RHB Yasutaka Yamasaki
|
0-0: Fly out, F4 (Popup, 34S, EV 86.2 MPH)
|
|
Pinch Hitting: RHB Jose Evangelista
|
0-0: Swinging Strike 0-1: SINGLE (Line Drive, 3D, EV 95.0 MPH) Juan Acero to second Runner from 2nd tries for 3rd, SAFE, throw by RF made to third
|
|
Batting: LHB Timotheus Young
|
0-0: Called Strike 0-1: Ball 1-1: Called Strike 1-2: Ball 2-2: Strikes out looking and he ARGUES THE CALL AND IS TOSSED!
|
| Top of the 8th over - 0 runs, 1 hit, 0 errors, 2 left on base; Detroit (APP) 0 - Burlington 4 |
| BOTTOM OF THE 8TH |
|
Burlington Royals batting - Pitching for Detroit (APP) Tigers : RHP Chris Wilkerson
|
|
Now at 2B: Kevin Steed
|
|
|
Now in CF: Afanasy Zasekin
|
|
|
Now in RF: Jose Evangelista
|
|
|
Batting: LHB Pablo Serrato
|
0-0: Foul Ball, location: 2F 0-1: Ball 1-1: Ball 2-1: Ball 3-1: Base on Balls
|
|
Pitching: RHP Bert Hernandez
|
|
|
Batting: RHB Carlos Almada
|
0-0: Called Strike 0-1: Foul Ball, location: 2F 0-2: Ball 1-2: SINGLE (Line Drive, 7S, EV 90.6 MPH) Pablo Serrato to second
|
|
Pitching: RHP Malcolm Holz
|
|
|
Batting: SHB Danny Ballenger
|
0-0: Foul Ball, location: 2F 0-1: Called Strike 0-2: Ball 1-2: Strikes out swinging
|
|
Batting: RHB Bobby Matyas
|
0-0: Ball 1-0: Ball 2-0: Ball 3-0: Called Strike 3-1: Fielders Choice at 2nd, 6-4 (Groundball, 6, EV 105.0 MPH) Pablo Serrato to third
|
|
Batting: LHB Edgar Ortiz
|
0-0: Called Strike 0-1: Foul Ball, location: 2F 0-2: Foul Ball, location: 2F 0-2: Ball 1-2: Ball Wild Pitch! Pablo Serrato scores Bobby Matyas to second 2-2: Ball 3-2: Foul Ball, location: 2F 3-2: Ground out U3 (Groundball, 3, EV 85.0 MPH)
|
| Bottom of the 8th over - 1 run, 1 hit, 0 errors, 1 left on base; Detroit (APP) 0 - Burlington 5 |
| TOP OF THE 9TH |
|
Detroit (APP) Tigers batting - Pitching for Burlington Royals : RHP Greg Sell
|
|
Batting: RHB Norm Wood
|
0-0: Called Strike 0-1: Swinging Strike 0-2: Ball 1-2: Strikes out swinging
|
|
Batting: SHB Jean-Luc Legros
|
0-0: Ball 1-0: Called Strike 1-1: Ground out 6-3 (Groundball, P, EV 90.0 MPH)
|
|
Batting: RHB German Quiroga
|
0-0: Called Strike 0-1: Ball 1-1: Fly out, F8 (Flyball, 8RM, EV 86.9 MPH)
|
| Top of the 9th over - 0 runs, 0 hits, 0 errors, 0 left on base; Detroit (APP) 0 - Burlington 5 |
|